| TOP OF THE 1ST |
|
Toledo Mud Hens batting - Pitching for Omaha Storm Chasers : RHP Dennis Holifield
|
|
Pitching: RHP Dennis Holifield
|
|
|
Batting: RHB Brandon O'Malley
|
0-0: SINGLE (Groundball, 56, EV 96.2 MPH)
|
|
Batting: RHB Dan Becvar
|
0-0: Ball 1-0: Called Strike 1-1: Ball Brandon O'Malley is caught stealing 2nd base 2-4 2-1: Ground out 6-3 (Groundball, 6M, EV 86.2 MPH)
|
|
Batting: LHB Bill Ford
|
0-0: Called Strike 0-1: Ball 1-1: Ball 2-1: Foul Ball, location: 2F 2-2: Ground out 6-3 (Groundball, 6, EV 86.9 MPH)
|
| Top of the 1st over - 0 runs, 1 hit, 0 errors, 0 left on base; Toledo 0 - Omaha 0 |
| BOTTOM OF THE 1ST |
|
Omaha Storm Chasers batting - Pitching for Toledo Mud Hens : RHP Ricky Tercero
|
|
Pitching: RHP Ricky Tercero
|
|
|
Batting: LHB Danny Bailey
|
0-0: Called Strike 0-1: Fly out, F7 (Flyball, 7D, EV 84.4 MPH)
|
|
Batting: RHB Walt Cogswell
|
0-0: Foul Ball, location: 2F 0-1: Ball 1-1: Foul Ball, location: 2F 1-2: Strikes out swinging
|
|
Batting: RHB Taisei Fujii
|
0-0: Ball 1-0: Fly out, F8 (Flyball, 8RD, EV 101.2 MPH)
|
| Bottom of the 1st over - 0 runs, 0 hits, 0 errors, 0 left on base; Toledo 0 - Omaha 0 |
| TOP OF THE 2ND |
|
Toledo Mud Hens batting - Pitching for Omaha Storm Chasers : RHP Dennis Holifield
|
|
Batting: LHB Jon Frederick
|
0-0: Ball 1-0: Ball 2-0: Swinging Strike 2-1: Ball 3-1: Base on Balls
|
|
Batting: RHB Joel Miller
|
0-0: Called Strike 0-1: Called Strike 0-2: Foul Ball, location: 2F 0-2: Ball 1-2: Strikes out swinging
|
|
Batting: RHB Keith Hoffman
|
0-0: Called Strike 0-1: Foul Ball, location: 2F 0-2: Ball 1-2: Fly out, F9 (Flyball, 9LD, EV 92.5 MPH) Runner from 1st tags up, SAFE at 2nd
|
|
Batting: RHB Aaron Cusick
|
0-0: Fly out, F7 (Flyball, 7D, EV 97.5 MPH)
|
| Top of the 2nd over - 0 runs, 0 hits, 0 errors, 1 left on base; Toledo 0 - Omaha 0 |
| BOTTOM OF THE 2ND |
|
Omaha Storm Chasers batting - Pitching for Toledo Mud Hens : RHP Ricky Tercero
|
|
Batting: LHB Shigeru Ono
|
0-0: Ball 1-0: DOUBLE (Line Drive, 89D, EV 97.5 MPH)
|
|
Batting: LHB Jim Pankratz
|
0-0: Called Strike 0-1: Swinging Strike 0-2: Ball 1-2: Ball 2-2: Ball 3-2: Base on Balls
|
|
Batting: RHB Ken Postlethwaite
|
0-0: Called Strike 0-1: Ball 1-1: Foul Ball, location: 2F 1-2: Ball 2-2: Foul Ball, location: 2F 2-2: Ball 3-2: Base on Balls Shigeru Ono to third Jim Pankratz to second
|
|
Batting: SHB Francisco Gutierrez
|
0-0: Called Strike 0-1: SINGLE (Groundball, 25, EV 65.0 MPH) (infield hit) Shigeru Ono scores Jim Pankratz to third Ken Postlethwaite to second
|
|
Pinch Runner at 1st Jason Birge:
|
|
|
Batting: RHB Yuichi Takata
|
0-0: Fielders Choice at 2nd, 5-4 (Groundball, 56, EV 92.5 MPH) Jim Pankratz scores Ken Postlethwaite to third
|
|
Batting: RHB Kevin Roseen
|
0-0: Called Strike Yuichi Takata steals 2nd base (no throw) 0-1: Called Strike 0-2: Ball 1-2: Strikes out looking
|
|
Batting: LHB Danny Bailey
|
0-0: Swinging Strike 0-1: Ball 1-1: Foul Ball, location: 2F 1-2: Ball 2-2: Ball 3-2: Foul Ball, location: 2F 3-2: Foul Ball, location: 2F 3-2: Base on Balls
|
|
Batting: RHB Walt Cogswell
|
0-0: Foul Ball, location: 2F 0-1: Swinging Strike 0-2: Ball 1-2: Ball 2-2: Strikes out swinging
|
| Bottom of the 2nd over - 2 runs, 2 hits, 0 errors, 3 left on base; Toledo 0 - Omaha 2 |
| TOP OF THE 3RD |
|
Toledo Mud Hens batting - Pitching for Omaha Storm Chasers : RHP Dennis Holifield
|
|
Now at 1B: Jim Pankratz
|
|
|
Now in LF: Jason Birge
|
|
|
Batting: SHB Scott Bartholomew
|
0-0: Ball 1-0: Ball 2-0: Called Strike 2-1: Called Strike 2-2: Ground out 6-3 (Groundball, 6, EV 83.8 MPH)
|
|
Batting: SHB Chris Wagler
|
0-0: Ball 1-0: Foul Ball, location: 2F 1-1: Fly out, F8 (Flyball, 8RM, EV 82.5 MPH)
|
|
Batting: RHB Brandon O'Malley
|
0-0: Ball 1-0: SINGLE (Groundball, 4MD, EV 103.1 MPH)
|
|
Batting: RHB Dan Becvar
|
0-0: Ball 1-0: Called Strike 1-1: Swinging Strike 1-2: Fly out, F7 (Flyball, 78D, EV 103.1 MPH)
|
| Top of the 3rd over - 0 runs, 1 hit, 0 errors, 1 left on base; Toledo 0 - Omaha 2 |
| BOTTOM OF THE 3RD |
|
Omaha Storm Chasers batting - Pitching for Toledo Mud Hens : RHP Ricky Tercero
|
|
Batting: RHB Taisei Fujii
|
0-0: Called Strike 0-1: Ground out 4-3 (Groundball, 4, EV 84.4 MPH)
|
|
Batting: LHB Shigeru Ono
|
0-0: SINGLE (Groundball, 6D, EV 99.4 MPH)
|
|
Batting: LHB Jim Pankratz
|
0-0: Ball 1-0: Foul Ball, location: 2F 1-1: Ball 2-1: Swinging Strike 2-2: Strikes out swinging
|
|
Batting: RHB Ken Postlethwaite
|
0-0: Called Strike 0-1: Called Strike 0-2: Ground out 4-3 (Groundball, 34, EV 101.9 MPH)
|
| Bottom of the 3rd over - 0 runs, 1 hit, 0 errors, 1 left on base; Toledo 0 - Omaha 2 |
| TOP OF THE 4TH |
|
Toledo Mud Hens batting - Pitching for Omaha Storm Chasers : RHP Dennis Holifield
|
|
Batting: LHB Bill Ford
|
0-0: Ball 1-0: Ball 2-0: Called Strike 2-1: Foul Ball, location: 2F 2-2: Foul Ball, location: 2F 2-2: Ball 3-2: SINGLE (Groundball, 4MD, EV 95.6 MPH)
|
|
Batting: LHB Jon Frederick
|
0-0: Called Strike Bill Ford steals 2nd base (no throw) 0-1: Ball Wild Pitch! Bill Ford to third 1-1: Foul Ball, location: 2F 1-2: SINGLE (Groundball, 34D, EV 106.2 MPH) Bill Ford scores
|
|
Batting: RHB Joel Miller
|
0-0: Ball 1-0: Ball 2-0: Called Strike 2-1: Ball 3-1: Base on Balls Jon Frederick to second
|
|
Batting: RHB Keith Hoffman
|
0-0: Called Strike 0-1: Ball 1-1: Ball 2-1: SINGLE (Flyball, 7S, EV 96.9 MPH) Jon Frederick to third Joel Miller to second
|
|
Batting: RHB Aaron Cusick
|
0-0: Called Strike 0-1: Ball 1-1: Foul Ball, location: 2F 1-2: Strikes out looking
|
|
Batting: SHB Scott Bartholomew
|
0-0: GRAND SLAM HOME RUN (Flyball, 7D, EV 95.6 MPH), Distance : 358 ft
|
|
Pitching: LHP Francisco de la Torre
|
|
|
Batting: SHB Chris Wagler
|
0-0: Swinging Strike 0-1: Ball 1-1: Swinging Strike 1-2: Ground out 5-3 (Groundball, 56, EV 85.6 MPH)
|
|
Batting: RHB Brandon O'Malley
|
0-0: Called Strike 0-1: Ball 1-1: Called Strike 1-2: Strikes out swinging
|
| Top of the 4th over - 5 runs, 4 hits, 0 errors, 0 left on base; Toledo 5 - Omaha 2 |
| BOTTOM OF THE 4TH |
|
Omaha Storm Chasers batting - Pitching for Toledo Mud Hens : RHP Ricky Tercero
|
|
Batting: RHB Jason Birge
|
0-0: Ball 1-0: Ball 2-0: Fly out, F9 (Line Drive, 9, EV 90.6 MPH)
|
|
Batting: RHB Yuichi Takata
|
0-0: Fly out, F8 (Flyball, 8LS, EV 90.0 MPH)
|
|
Batting: RHB Kevin Roseen
|
0-0: Called Strike 0-1: Ball 1-1: Foul Ball, location: 2F 1-2: Foul Ball, location: 2F 1-2: Foul Ball, location: 2F 1-2: Foul Ball, location: 2F 1-2: Foul Ball, location: 2F 1-2: Ball 2-2: Fly out, F9 (Flyball, 9S, EV 93.8 MPH)
|
| Bottom of the 4th over - 0 runs, 0 hits, 0 errors, 0 left on base; Toledo 5 - Omaha 2 |
| TOP OF THE 5TH |
|
Toledo Mud Hens batting - Pitching for Omaha Storm Chasers : LHP Francisco de la Torre
|
|
Batting: RHB Dan Becvar
|
0-0: Called Strike 0-1: Foul Ball, location: 2F 0-2: Ball 1-2: Foul Ball, location: 2F 1-2: Ball 2-2: Foul Ball, location: 2F 2-2: Foul Ball, location: 2F 2-2: SINGLE (Groundball, 5L, EV 96.2 MPH)
|
|
Batting: LHB Bill Ford
|
0-0: Ball 1-0: Fly out, F9 (Flyball, 9, EV 71.9 MPH)
|
|
Batting: LHB Jon Frederick
|
0-0: Ball 1-0: Called Strike 1-1: Swinging Strike 1-2: Grounds into double play, 4-6-3 (Groundball, 4, EV 88.1 MPH)
|
| Top of the 5th over - 0 runs, 1 hit, 0 errors, 0 left on base; Toledo 5 - Omaha 2 |
| BOTTOM OF THE 5TH |
|
Omaha Storm Chasers batting - Pitching for Toledo Mud Hens : RHP Ricky Tercero
|
|
Batting: LHB Danny Bailey
|
0-0: Called Strike 0-1: Called Strike 0-2: Fly out, F4 (Popup, 4, EV 64.4 MPH)
|
|
Batting: RHB Walt Cogswell
|
0-0: Ball 1-0: Foul Ball, location: 2F 1-1: Called Strike 1-2: Foul Ball, location: 2F 1-2: Foul Ball, location: 2F 1-2: Ball 2-2: Foul Ball, location: 2F 2-2: Ground out 5-3 (Groundball, 56, EV 106.2 MPH)
|
|
Batting: RHB Taisei Fujii
|
0-0: Ball 1-0: Ball 2-0: Swinging Strike 2-1: Swinging Strike 2-2: Fly out, F7 (Flyball, 7S, EV 88.1 MPH)
|
| Bottom of the 5th over - 0 runs, 0 hits, 0 errors, 0 left on base; Toledo 5 - Omaha 2 |
| TOP OF THE 6TH |
|
Toledo Mud Hens batting - Pitching for Omaha Storm Chasers : LHP Francisco de la Torre
|
|
Batting: RHB Joel Miller
|
0-0: Foul Ball, location: 2F 0-1: Called Strike 0-2: Ground out 5-3 (Groundball, 56S, EV 65.6 MPH)
|
|
Batting: RHB Keith Hoffman
|
0-0: Ball 1-0: Foul Ball, location: 2F 1-1: Ball 2-1: Ball 3-1: Base on Balls
|
|
Pitching: RHP Joe Jordahl
|
|
|
Batting: RHB Aaron Cusick
|
0-0: Called Strike 0-1: Ball 1-1: Ball 2-1: Fly out, F7 (Flyball, 78D, EV 90.6 MPH)
|
|
Batting: SHB Scott Bartholomew
|
0-0: Fly out, F7 (Flyball, 7, EV 70.6 MPH)
|
| Top of the 6th over - 0 runs, 0 hits, 0 errors, 1 left on base; Toledo 5 - Omaha 2 |
| BOTTOM OF THE 6TH |
|
Omaha Storm Chasers batting - Pitching for Toledo Mud Hens : RHP Ricky Tercero
|
|
Batting: LHB Shigeru Ono
|
0-0: Called Strike 0-1: Ball 1-1: Fly out, F7 (Flyball, 7D, EV 85.0 MPH)
|
|
Batting: LHB Jim Pankratz
|
0-0: Ball 1-0: Ball 2-0: Ball 3-0: SINGLE (Line Drive, 4MD, EV 93.8 MPH)
|
|
Batting: RHB Ken Postlethwaite
|
0-0: Fly out, F8 (Flyball, 78M, EV 88.8 MPH)
|
|
Batting: RHB Jason Birge
|
0-0: Swinging Strike 0-1: Foul Ball, location: 2F 0-2: Ball 1-2: Fly out, F8 (Flyball, 78D, EV 94.4 MPH)
|
| Bottom of the 6th over - 0 runs, 1 hit, 0 errors, 1 left on base; Toledo 5 - Omaha 2 |
| TOP OF THE 7TH |
|
Toledo Mud Hens batting - Pitching for Omaha Storm Chasers : RHP Joe Jordahl
|
|
Batting: SHB Chris Wagler
|
0-0: Called Strike 0-1: Ball 1-1: Ball 2-1: Foul Ball, location: 2F 2-2: Strikes out swinging
|
|
Batting: RHB Brandon O'Malley
|
0-0: Ball 1-0: Ball 2-0: Ball 3-0: Called Strike 3-1: Called Strike 3-2: Ground out 5-3 (Groundball, 56, EV 102.5 MPH)
|
|
Batting: RHB Dan Becvar
|
0-0: Fly out, F2 (Popup, 23F, EV 83.8 MPH)
|
| Top of the 7th over - 0 runs, 0 hits, 0 errors, 0 left on base; Toledo 5 - Omaha 2 |
| BOTTOM OF THE 7TH |
|
Omaha Storm Chasers batting - Pitching for Toledo Mud Hens : RHP Ricky Tercero
|
|
Batting: RHB Yuichi Takata
|
0-0: Ball 1-0: Ball 2-0: Called Strike 2-1: Foul Ball, location: 2F 2-2: Fly out, F7 (Line Drive, 78D, EV 94.4 MPH)
|
|
Batting: RHB Kevin Roseen
|
0-0: Swinging Strike 0-1: Called Strike 0-2: SINGLE (Groundball, 4D, EV 96.9 MPH)
|
|
Pitching: LHP Bobby Jones
|
|
|
Batting: LHB Danny Bailey
|
0-0: Called Strike 0-1: Ball 1-1: Fielders Choice at 2nd, 4-6 (Groundball, 3, EV 88.8 MPH)
|
|
Batting: RHB Walt Cogswell
|
0-0: Called Strike 0-1: Called Strike Danny Bailey is caught stealing 2nd base 2-4
|
| Bottom of the 7th over - 0 runs, 1 hit, 0 errors, 0 left on base; Toledo 5 - Omaha 2 |
| TOP OF THE 8TH |
|
Toledo Mud Hens batting - Pitching for Omaha Storm Chasers : RHP Joe Jordahl
|
|
Pitching: RHP Gan Ts'ong
|
|
|
Batting: LHB Bill Ford
|
0-0: Ball 1-0: Swinging Strike 1-1: Foul Ball, location: 2F 1-2: SINGLE (Flyball, 9S, EV 97.5 MPH) - OUT at second base trying to stretch hit.
|
|
Batting: LHB Jon Frederick
|
0-0: SINGLE (Groundball, 34D, EV 103.8 MPH)
|
|
Batting: RHB Joel Miller
|
0-0: Grounds into double play, 1-6-3 (Groundball, 13, EV 73.1 MPH)
|
| Top of the 8th over - 0 runs, 2 hits, 0 errors, 0 left on base; Toledo 5 - Omaha 2 |
| BOTTOM OF THE 8TH |
|
Omaha Storm Chasers batting - Pitching for Toledo Mud Hens : LHP Bobby Jones
|
|
Pitching: RHP Chris Kimura
|
|
|
Batting: RHB Walt Cogswell
|
0-0: Ball 1-0: Ball 2-0: Ball 3-0: Called Strike 3-1: Foul Ball, location: 2F 3-2: Ground out 6-3 (Groundball, 6, EV 87.5 MPH)
|
|
Batting: RHB Taisei Fujii
|
0-0: Foul Ball, location: 2F 0-1: Ground out 5-3 (Groundball, 56S, EV 85.0 MPH)
|
|
Batting: LHB Shigeru Ono
|
0-0: Called Strike 0-1: Foul Ball, location: 2F 0-2: Ball 1-2: Strikes out swinging
|
| Bottom of the 8th over - 0 runs, 0 hits, 0 errors, 0 left on base; Toledo 5 - Omaha 2 |
| TOP OF THE 9TH |
|
Toledo Mud Hens batting - Pitching for Omaha Storm Chasers : RHP Gan Ts'ong
|
|
Batting: RHB Keith Hoffman
|
0-0: Called Strike 0-1: Ball 1-1: Ball 2-1: Ball 3-1: Base on Balls
|
|
Batting: RHB Aaron Cusick
|
0-0: Bunted foul 0-1: Sac Bunt to 25 - play at first, batter OUT! 5-3 Keith Hoffman to second
|
|
Batting: SHB Scott Bartholomew
|
0-0: Called Strike 0-1: Ball 1-1: Reached on error, E3 (Groundball, 34S, EV 91.2 MPH) Keith Hoffman to third
|
|
Batting: SHB Chris Wagler
|
0-0: Foul Ball, location: 2F 0-1: Ball 1-1: Ball 2-1: Foul Ball, location: 2F 2-2: Strikes out swinging
|
|
Batting: RHB Brandon O'Malley
|
0-0: SINGLE (Flyball, 7LS, EV 88.8 MPH) Keith Hoffman scores Scott Bartholomew to second
|
|
Batting: RHB Dan Becvar
|
0-0: Called Strike 0-1: Ground out 1-3 (Groundball, 13S, EV 66.9 MPH)
|
| Top of the 9th over - 1 run, 1 hit, 1 error, 2 left on base; Toledo 6 - Omaha 2 |
| BOTTOM OF THE 9TH |
|
Omaha Storm Chasers batting - Pitching for Toledo Mud Hens : RHP Chris Kimura
|
|
Pitching: RHP Martin Murillo
|
|
|
Batting: LHB Jim Pankratz
|
0-0: Called Strike 0-1: Foul Ball, location: 2F 0-2: Foul Ball, location: 2F 0-2: Ball 1-2: Strikes out swinging
|
|
Batting: RHB Ken Postlethwaite
|
0-0: Ball 1-0: Ball 2-0: Swinging Strike 2-1: Swinging Strike 2-2: Foul Ball, location: 2F 2-2: Foul Ball, location: 2F 2-2: Ball 3-2: Foul Ball, location: 2F 3-2: SINGLE (Flyball, 8LS, EV 88.8 MPH)
|
|
Batting: RHB Jason Birge
|
0-0: Ball 1-0: Ball 2-0: SINGLE (Groundball, 34, EV 95.6 MPH) Ken Postlethwaite to second
|
|
Batting: RHB Yuichi Takata
|
0-0: Called Strike 0-1: Swinging Strike 0-2: Ball 1-2: Foul Ball, location: 2F 1-2: Ball 2-2: Fly out, F6 (Popup, 4M, EV 68.8 MPH)
|
|
Pinch Hitting: LHB Willie Gutierrez
|
0-0: DOUBLE (Flyball, 89D, EV 107.5 MPH) Ken Postlethwaite scores Jason Birge to third
|
|
Batting: LHB Danny Bailey
|
0-0: Ball 1-0: Foul Ball, location: 2F 1-1: Called Strike 1-2: Ball 2-2: Ball 3-2: Strikes out swinging
|
| Bottom of the 9th over - 1 run, 3 hits, 0 errors, 2 left on base; Toledo 6 - Omaha 3 |
|